AoeStats
← AiM | CanvaL

Arabia

509424409Analyzed
1v1 RM · 6d ago on Sep 26, 2026· 26m 46s· 2 players
Game mode
Random Map
Map size
Tiny (2 player)
Population
200
Speed
Normal
Resources
Standard
Victory
Conquest
Starting age
Dark Age
Ending age
Imperial Age
RankedLock teamsTeams togetherTeam positionsShared explorationLock speedFull tech treeHidden civsTurbo modeCheats
Victory
Defeat
🇨🇱 Mongols · Chile
1492
+17
🇵🇰 Saracens · Pakistan
1517
-17
AiM | CanvaL
5:34 Loom
8:12 Feudal Age
10:09 Double-Bit Axe
12:07 Fletching
17:11 Town Watch
21:55 Castle Age
21:32 Bloodlines
21:12 Horse Collar
21:46 Gold Mining
22:59 Husbandry
22:58 Bodkin Arrow
23:44 Husbandry
26:16 Thumb Ring
勇敢な
6:47 Loom
9:53 Feudal Age
10:08 Man-at-Arms
15:38 Double-Bit Axe
25:07 Castle Age
23:23 Fletching
25:38 Padded Archer Armor
Connection lost

Rejoining the realm…

Still unreachable

The connection could not be restored.

Session expired

The server has moved on; the page needs a fresh start.